 Dungeon Crawl Stone Soup version 0.27-a0-988-g25969acef8 (webtiles) character file.

Game seed: 1033564887551561043

387 t4s4d4r the Poker (level 6, -4/42 HPs)
             Began as an Octopode Fighter on Apr 15, 2021.
             Slain by a steam dragon (11 damage)
             ... on level 4 of the Dungeon.
             The game lasted 00:02:54 (4428 turns).

t4s4d4r the Poker (Octopode Fighter)                Turns: 4428, Time: 00:02:54

Health: -4/42      AC:  1    Str: 15    XL:     6   Next: 78%
Magic:  6/6        EV: 13    Int: 12    God:
Gold:   174        SH:  0    Dex: 12    Spells: 5/5 levels left

rFire    . . .     SeeInvis .   a - +0 trident (freeze)
rCold    . . .     Faith    .   (no shield)
rNeg     . . .     Spirit   .   (helmet restricted)
rPois    .         Reflect  .   (no amulet)
rElec    .         Harm     .   (no ring)
rCorr    .         Rampage  .   (no ring)
Will     .....                  (no ring)
Stlth    ++........             (no ring)
HPRegen  0.14/turn              (no ring)
MPRegen  0.10/turn              (no ring)
                                (no ring)
                                (no ring)

@: no status effects
A: almost no armour, amphibious, 8 rings, camouflage 1, gelatinous body 1,
(nimble swimmer 1), tentacles
a: no special abilities


You were on level 4 of the Dungeon.
You visited 1 branch of the dungeon, and saw 4 of its levels.

You collected 174 gold pieces.

Inventory:

Hand Weapons
 a - a +0 trident of freezing (weapon)
Armour
 b - a +0 kite shield
Jewellery
 g - a ring of ice
Scrolls
 i - a scroll of brand weapon
 j - a scroll of acquirement {unknown}
 k - a scroll of teleportation {unknown}
 l - a scroll of fog {unknown}
Potions
 c - a potion of might
 d - 2 potions of berserk rage {unknown}
 e - 2 potions of degeneration {unknown}
 f - a potion of lignification {unknown}
 h - 2 potions of curing {unknown}


   Skills:
 - Level 3.0 Fighting
 + Level 7.0 Polearms
 - Level 3.0 Dodging
 - Level 3.0 Shields


You had 5 spell levels left.
You didn't know any spells.
Your spell library was empty.

Dungeon Overview and Level Annotations

Branches:
Dungeon (4/15)
 Temple: D:4-7

Altars:

Annotations:
D:4 Sigmund


Innate Abilities, Weirdness & Mutations

You cannot wear most types of armour.
You are amphibious.
You can wear up to eight rings at the same time.
Your skin changes colour to match your surroundings (Stealth+).
Your rubbery body absorbs attacks. (AC +1, EV +1)
((You are camouflaged near water. (Stealth+)))
You have tentacles for arms and can constrict up to eight enemies at once.


Message History

No target in view!
No target in view!
No target in view!
No target in view!
A steam dragon comes into view.
The steam dragon hisses angrily.
A steam dragon is nearby!
A steam dragon is nearby!
A goblin comes into view. It is wielding a +0 club.
The goblin shouts!
Sigmund the Dreaded comes into view.
He is wielding a +0 scythe.
Found a dagger.
You reach to attack!
You closely miss the steam dragon.
Sigmund shouts!
You hit the steam dragon. You freeze the steam dragon.
The steam dragon is lightly wounded.
The steam dragon breathes steam at you. The ball of steam misses you.
You hit the steam dragon. You freeze the steam dragon.
Your squeeze misses the steam dragon.
The steam dragon is moderately wounded.
You are engulfed in a cloud of scalding steam.
Sigmund gestures at himself while chanting.
Sigmund flickers and vanishes!
Deactivating autopickup; reactivate with Ctrl-A.
The steam dragon misses you. x2
You puncture the steam dragon! You freeze the steam dragon.
The steam dragon is almost dead.
You are engulfed in a cloud of scalding steam.
The goblin hits you with a +0 club. The steam dragon bites you.
The steam dragon closely misses you. The steam dragon bites you!
* * * LOW HITPOINT WARNING * * *
The steam dragon claws you.
* * * LOW HITPOINT WARNING * * *
Unknown command.
You barely miss the steam dragon.
The steam dragon is almost dead.
The steam dragon bites you!
You die...

.......... .#.. .).#..
........... .... ......
...........####..##......
#................##....#
##....................#
#.................{..#
...#.....#..........####
...##..###....#.Dg..#..##
....#...##....#.@.......#
###.....<...............#
#...###........##....# ##
.....##...#........###
.##..##>.##.##.......##
....# #.....##....#...#
....###.....#.....#...#
##.###.....###..........
.#.####....##.........##.


You could see a steam dragon (catching breath) and a goblin.

Vanquished Creatures
  2 ogres (D:4)
  2 jellies (D:2)
  A centaur skeleton (D:4)
  6 adders
  A worm (D:1)
  2 orcs
  8 ball pythons
  9 endoplasms
  3 giant cockroaches
  5 hobgoblins
  4 jackals (D:1)
  A quokka (D:2)
  5 bats
  2 frilled lizards
  7 goblins
  17 kobolds
  3 rats
78 creatures vanquished.

Vanquished Creatures (others)
  8 fungi (D:2)
  3 toadstools (D:2)
11 creatures vanquished.

Grand Total: 89 creatures vanquished

Notes
Turn   | Place    | Note
-------+----------+-------------------------------------------
     0 | D:1      | t4s4d4r the Octopode Fighter began the quest for the Orb.
     0 | D:1      | Reached XP level 1. HP: 16/16 MP: 1/1
   363 | D:1      | Reached XP level 2. HP: 18/21 MP: 2/2
   556 | D:1      | Reached skill level 3 in Polearms
   997 | D:1      | Reached XP level 3. HP: 23/26 MP: 3/3
  1653 | D:2      | Reached skill level 4 in Polearms
  2177 | D:1      | Reached XP level 4. HP: 13/31 MP: 4/4
  2832 | D:2      | Reached skill level 5 in Polearms
  2832 | D:2      | Reached XP level 5. HP: 13/36 MP: 5/5
  3930 | D:4      | Noticed an ogre
  3942 | D:4      | Killed an ogre
  3943 | D:4      | Reached skill level 6 in Polearms
  3943 | D:4      | Reached XP level 6. HP: 28/42 MP: 6/6
  4007 | D:4      | HP: 2/42 [ogre/+0 giant club (7)]
  4342 | D:4      | Reached skill level 7 in Polearms
  4420 | D:4      | Noticed a steam dragon
  4422 | D:4      | Noticed Sigmund
  4428 | D:4      | Slain by a steam dragon

Illustrated notes

Levels and vault maps discovered:
D:1:      matt_arrival_los_fun, layout_loops_ring, minmay_pentomino_x4
D:2:      cheibrodos_fertilizer, layout_basic
D:3:      layout_rooms, kennysheep_doodads, minivault_25
D:4:      layout_cave_pools, marbit_many_paths, uniq_sigmund

Skill      XL: |  1  2  3  4  5  6 |
---------------+-------------------+-----
Polearms       | 3 4 5 6 7 |  7.0
Fighting       | |  3.0
Dodging        | |  3.0
Shields        | |  3.0

Action                   |  1- 3 |  4- 6 || total
-------------------------+-------+-------++-------
Melee: Trident           |    83 |   106 ||   189
       Constrict         |    18 |    15 ||    33
       Tentacles         |     7 |    17 ||    24
  Use: Scroll            |       |     1 ||     1
 Stab: Sleeping          |    11 |     6 ||    17
       Distracted        |     1 |       ||     1
Armor: Skin              |     4 |     6 ||    10
Dodge: Dodged            |    35 |    53 ||    88
Block: Kite shield       |     3 |       ||     3

Table legend: (Time is in decaauts)
 A = Elapsed time spent in this place.
 B = Non-inter-level travel time spent in this place.
 C = Inter-level travel time spent in this place.
 D = Time resting spent in this place.
 E = Time spent auto-exploring this place.
 F = Levels seen in this place.
 G = Mean time per level.
                   A        B        C        D        E       F      G
               +--------+--------+--------+--------+--------+-----+--------+
         Total |   4448 |   4270 |    178 |   1731 |   1985 |   4 | 1112.0 |
       Dungeon |   4448 |   4270 |    178 |   1731 |   1985 |   4 | 1112.0 |
               +--------+--------+--------+--------+--------+-----+--------+

Top non-repeatable levels by time:
     D:1: 2224 daAuts
     D:2: 958 daAuts
     D:3: 703 daAuts
     D:4: 562 daAuts
